 Dungeon Crawl Stone Soup version 0.28.0-47-ge53b351184 (webtiles) character file.

Game seed: 1989431267731876449

4 NinjaNoafa the Ruffian (level 1, -2/16 HPs)
             Began as a Draconian Transmuter on May 10, 2022.
             Slain by a goblin
             ... wielding a +0 dagger
              (3 damage)
             ... on level 1 of the Dungeon.
             The game lasted 00:00:35 (241 turns).

NinjaNoafa the Ruffian (Draconian Transmuter)        Turns: 241, Time: 00:00:35

Health: -2/16      AC:  4    Str: 12    XL:     1   Next: 58%
Magic:  2/3        EV: 12    Int: 13    God:
Gold:   20         SH:  0    Dex: 11    Spells: 3/4 levels left

rFire   . . .      SeeInvis .     - Unarmed
rCold   . . .      Faith    .   (no shield)
rNeg    . . .      Spirit   .   (armour unavailable)
rPois   .          Reflect  .   (helmet currently unavailable)
rElec   .          Harm     .   (no cloak)
rCorr   .          Rampage  .   (no gloves)
Will    .....                   (boots currently unavailable)
Stlth   +.........              (no amulet)
HPRegen 0.05/turn               (no ring)
MPRegen 0.08/turn               (no ring)

@: appendages
A: horns 2, talons 2, AC +4, unfitting armour, cold-blooded
a: End Transformation


You were on level 1 of the Dungeon.
You had temporarily grown beastly horns and talons.
You visited 1 branch of the dungeon, and saw 1 of its levels.

You collected 20 gold pieces.

You aren't carrying anything.


   Skills:
 - Level 1.1 Fighting
 + Level 1.9 Dodging
 - Level 3.0 Unarmed Combat
 + Level 2.0 Spellcasting
 * Level 2.2 Transmutations


You had 3 spell levels left.
You knew the following spells:

 Your Spells              Type           Power      Damage    Failure   Level
a - Beastly Appendage     Tmut           14%        N/A       10%         1

Your spell library contained the following spells:

 Spells                   Type           Power      Damage    Failure   Level
 Wereblood                Tmut           7%         N/A       16%         2
 Spider Form              Tmut/Pois      4%         N/A       43%         3
 Ice Form                 Ice/Tmut       4%         N/A       85%         4


Dungeon Overview and Level Annotations

Branches:
Dungeon (1/15)

Altars:


Innate Abilities, Weirdness & Mutations

You have temporarily grown beastly horns and talons.
Your plain brown scales are hard. (AC +4)
You cannot fit into any form of body armour.
You are cold-blooded and may be slowed by cold attacks.


Message History

The bat misses you.
You aren't carrying any potions.
The bat hits you but does no damage.
Casting: Beastly Appendage (safe; 11% risk of failure)
Confirm with . or Enter, or press ? or * to list all spells.
You grow a pair of large bovine horns.
Your feet morph into talons.
The quokka misses you.
You hit the quokka but do no damage.
The quokka bites you but does no damage.
You hit the quokka. You claw the quokka.
The quokka is severely wounded.
The quokka barely misses you.
You miss the quokka. You claw the quokka.
You kill the quokka!
You completely miss the ball python. Your kick misses the ball python.
Your tail-slap misses the ball python.
The ball python closely misses you. The ball python barely misses you.
You closely miss the ball python. You headbutt the ball python.
You kill the ball python!
Your transformation is almost over.
The bat barely misses you. The bat closely misses you.
You hit the bat.
You kill the bat!
You hit the goblin but do no damage. You headbutt the goblin.
The goblin is moderately wounded.
The goblin closely misses you.
You closely miss the goblin. Your kick misses the goblin.
Your tail-slap misses the goblin.
The goblin is moderately wounded.
The goblin barely misses you.
You hit the goblin.
The goblin is heavily wounded.
The goblin hits you with a +0 dagger.
* * * LOW HITPOINT WARNING * * *
Your horns disappear.
Your talons disappear.
Casting: Beastly Appendage (safe; 10% risk of failure)
Confirm with . or Enter, or press ? or * to list all spells.
You grow a pair of large bovine horns.
Your feet morph into talons.
The goblin hits you with a +0 dagger.
You die...

#.## #..# ♣♣♣ ##.##
♣♣♣♣∩♣♣♣♣ #..#
♣♣.≈≈≈≈≈≈♣♣
##g#♣♣≈♣♣♣♣♣♣♣≈♣♣
#.♣♣≈♣♣≈≈≈≈≈♣♣≈♣♣
##g♣≈♣♣≈♣♣♣♣♣≈♣♣≈♣
#..g♣♣≈♣♣≈≈≈♣♣≈♣≈♣
#..@♣≈♣♣≈♣♣♣≈♣≈♣≈♣♣
#..♣♣≈♣≈≈♣∩♣≈♣≈♣≈∩♣
#..♣≈≈♣≈♣≈≈≈≈♣≈♣≈♣♣
###♣<♣♣≈♣≈♣∩♣≈≈♣≈♣
♣♣♣≈♣♣≈♣♣♣≈♣♣≈♣
♣∩≈♣∩≈≈≈≈♣♣≈♣♣
♣♣≈♣♣♣♣♣♣♣≈♣♣
♣♣≈≈≈≈≈≈≈♣♣
♣♣♣♣∩♣♣♣♣


You could see a gnoll, a hobgoblin and a goblin.

Vanquished Creatures
  A giant cockroach (D:1)
  A quokka (D:1)
  A ball python (D:1)
  A bat (D:1)
  A frilled lizard (D:1)
5 creatures vanquished.

Notes
Turn   | Place    | Note
-------+----------+-------------------------------------------
     0 | D:1      | NinjaNoafa the Draconian Transmuter began the quest for the
                  | Orb.
     0 | D:1      | Reached XP level 1. HP: 16/16 MP: 3/3
   241 | D:1      | Slain by a goblin

Illustrated notes

Levels and vault maps discovered:
D:1:      nagdon_arrival_double_spiral, layout_basic,
          dreamdust_ecumenical_altar_angels_and_demons, st_stairs_12,
          minmay_hexomino_f4

Action                   || total
-------------------------++-------
Melee: Unarmed           ||    21
       Kick              ||     4
       Headbutt          ||     3
 Cast: Beastly Appendage ||     4
Armor: Skin              ||    19
Dodge: Dodged            ||    31
